 Dungeon Crawl Stone Soup version 0.29-a0-582-ge82337ba6a (webtiles) character file.

Game seed: 7312160309858408790

21 spaghetti the Nimble (level 2, -1/34 HPs)
             Began as a Gnoll Wanderer on June 15, 2022.
             Slain by a rat (3 damage)
             ... on level 2 of the Dungeon.
             The game lasted 00:02:12 (1182 turns).

spaghetti the Nimble (Gnoll Wanderer)               Turns: 1182, Time: 00:02:13

Health: -1/34      AC:  3    Str: 11    XL:     2   Next: 87%
Magic:  5/5        EV: 14    Int: 12    God:
Gold:   62         SH:  0    Dex: 10    Spells: 5/6 levels left

rFire   . . .      SeeInvis .   a - +0 dagger {short}
rCold   . . .      Faith    .   (no shield)
rNeg    . . .      Spirit   .   d - +0 leather armour
rPois   .          Reflect  .   (no helmet)
rElec   .          Harm     .   (no cloak)
rCorr   .          Rampage  .   (no gloves)
Will    .....                   (no boots)
Stlth   ..........              (no amulet)
HPRegen 0.11/turn               (no ring)
MPRegen 0.09/turn               (no ring)

@: berserking, very quick
A: fangs 1, strong nose, distributed training
a: no special abilities


You were on level 2 of the Dungeon.
You visited 1 branch of the dungeon, and saw 2 of its levels.

You collected 62 gold pieces.


Innate Abilities, Weirdness & Mutations

You have very sharp teeth.
Your uncanny sense of smell can sniff out nearby items.
Your experience applies equally to all skills.


   Skills:
 + Level 2.5 Fighting
 + Level 0.5 Short Blades
 + Level 0.5 Long Blades
 + Level 0.5 Axes
 + Level 0.5 Maces & Flails
 + Level 0.5 Polearms
 + Level 0.5 Staves
 + Level 0.5 Slings
 + Level 0.5 Bows
 + Level 0.5 Crossbows
 + Level 2.5 Throwing
 + Level 0.5 Armour
 + Level 8.5 Dodging
 + Level 2.3 Stealth
 + Level 0.5 Shields
 + Level 0.5 Unarmed Combat
 + Level 2.7 Spellcasting
 + Level 0.4 Conjurations
 + Level 0.4 Hexes
 + Level 3.7 Summonings
 + Level 0.4 Necromancy
 + Level 0.4 Translocations
 + Level 0.4 Transmutations
 + Level 0.4 Fire Magic
 + Level 0.4 Ice Magic
 + Level 0.4 Air Magic
 + Level 0.4 Earth Magic
 + Level 0.4 Poison Magic
 + Level 0.7 Invocations
 + Level 0.5 Evocations


You had 5 spell levels left.
You knew the following spells:

 Your Spells              Type           Power      Damage    Failure   Level
a - Summon Small Mammal   Summ           40%        N/A       7%          1

Your spell library contained the following spells:

 Spells                   Type           Power      Damage    Failure   Level
 Call Canine Familiar     Summ           10%        N/A       22%         3

Inventory:

Hand Weapons
 a - a +0 dagger (weapon) {short}
Missiles
 b - 2 throwing nets (quivered) {=f!fthrowing}
 c - 9 poisoned darts {throwing}
 i - 57 stones {throwing}
Armour
 d - a +0 leather armour (worn)
 g - a +0 buckler
   (You found it on level 1 of the Dungeon)
Scrolls
 h - a scroll of vulnerability {unknown}
 k - 3 scrolls of magic mapping {unknown}
 m - a scroll of identify {unknown}
Potions
 e - a potion of haste {@q3}
 j - a potion of flight {unknown}
 l - a potion of curing {unknown}

Dungeon Overview and Level Annotations

Branches:
Dungeon (2/15)

Altars:

Shops:
D:1

*[: ####.####
#........
#........
#........
#........
#........
.########.....?..
.......<.@.......
#########r)......
#........
...).....
.........
..........
..######## ###


You could see a rat.


Message History

You climb downwards.
There is a stone staircase leading up here.
There are monsters nearby!
Unknown command.
There are monsters nearby!
There are monsters nearby!
The kobold shouts!
You hear a shout!
A dart slug comes into view.
The frilled lizard misses you.
You barely miss the rat. The rat misses you.
The frilled lizard closely misses you.
You hit the kobold. The frilled lizard barely misses you.
The kobold hits you with a +0 whip. The rat closely misses you. 😕 HP[-4]
You take 4 damage, and now have 19/23 hp.
You are too injured to fight recklessly!
You are too injured to fight recklessly!
You are too injured to fight recklessly!
You are too injured to fight recklessly!
You are too injured to fight recklessly!
You are too injured to fight recklessly!
You are too injured to fight recklessly!
You are too injured to fight recklessly!
You are too injured to fight recklessly!
You are too injured to fight recklessly!
You are too injured to fight recklessly!
You are too injured to fight recklessly!
You are too injured to fight recklessly!
You are too injured to fight recklessly!
You are too injured to fight recklessly!
You are too injured to fight recklessly!
You are too injured to fight recklessly!
You are too injured to fight recklessly!
Unknown command.
You hit the frilled lizard. The frilled lizard barely misses you.
The kobold misses you. The rat bites you. 😕 HP[-1]
You take 1 damage, and now have 18/23 hp.
You closely miss the frilled lizard. Your punch misses the frilled lizard.
You bite the frilled lizard.
You kill the frilled lizard!
You hit the kobold but do no damage. The rat barely misses you.
A kobold comes into view. It is wielding a +0 short sword.
The kobold closely misses you.
You hit the kobold.
You kill the kobold!
The rat closely misses you.
You hit the rat. The rat closely misses you.
The dart slug launches a dart at you. The slug dart hits you. 😮 HP[-3]
You take 3 damage, and now have 15/23 hp.
You hit the dart slug but do no damage. The rat closely misses you.
You hit the dart slug. The rat misses you.
The dart slug launches a dart at you. The slug dart hits you. 😮 HP[-3]
You take 3 damage, and now have 12/23 hp.
You hit the dart slug. The rat bites you.
* * * LOW HITPOINT WARNING * * *
The dart slug launches a dart at you. The slug dart hits you.
* * * LOW HITPOINT WARNING * * *
😨 HP[-2]
You take 2 damage, and now have 10/23 hp.
You hit the dart slug. The rat barely misses you.
You hit the dart slug.
You kill the dart slug!
The rat bites you.
* * * LOW HITPOINT WARNING * * *
😨 HP[-3]
You take 3 damage, and now have 7/23 hp.
You barely miss the rat. The kobold misses you. The rat closely misses you.
You hit the rat. The rat closely misses you. The kobold misses you.
You barely miss the rat. The rat bites you.
* * * LOW HITPOINT WARNING * * *
The kobold hits you with a +0 short sword.
* * * LOW HITPOINT WARNING * * *
😱 HP[-5]
You take 5 damage, and now have 2/23 hp.
MASSIVE DAMAGE!! (PAUSE) It was a potion of berserk rage.
A red film seems to cover your vision as you go berserk!
You feel yourself moving faster!
You feel mighty!
The kobold hits you with a +0 short sword.
* * * LOW HITPOINT WARNING * * *
The rat bites you.
* * * LOW HITPOINT WARNING * * *
😱 HP[-1]
You now have 34 max hp (+11).
You hit the kobold. The kobold hits you but does no damage.
The rat closely misses you. 😱 HP[+1]
You closely miss the kobold. You closely miss the kobold.
The rat barely misses you. The kobold closely misses you.
You barely miss the kobold. You bite the kobold.
You kill the kobold!
The rat bites you.
You die...

Action                   || total
-------------------------++-------
Melee: Dagger            ||    84
       Bite              ||     7
 Cast: Summon Small Mamm ||     2
  Use: Potion            ||     1
 Stab: Distracted        ||     1
Armor: Leather armour    ||    21
Dodge: Dodged            ||    73

Levels and vault maps discovered:
D:1:      dpeg_arrival_shrine, layout_basic, serial_shops, shop, shop_statue,
          shop_fountains
D:2:      layout_basic

Notes
Turn   | Place    | Note
-------+----------+-------------------------------------------
     0 | D:1      | spaghetti the Gnoll Wanderer began the quest for the Orb.
     0 | D:1      | spaghetti set off with the following items: a +0 dagger
                  | {short}, 2 throwing nets {=f!fthrowing}, 9 poisoned darts
                  | {throwing}, a +0 leather armour, a potion of haste {@q3};
                  | and the following spell memorised: Summon Small Mammal; and
                  | the following spells available to memorise: Call Canine
                  | Familiar
     0 | D:1      | Reached XP level 1. HP: 17/17 MP: 4/4
     0 | D:1      | magus.rc [v1.9.6]
    15 | D:1      | Found Gejiqo's General Store.
   321 | D:1      | Found Eppotzoi's Book Shoppe.
   447 | D:1      | Reached XP level 2. HP: 23/23 MP: 5/5
   990 | D:1      | Found Kumaof's Armour Shoppe.
  1177 | D:2      | HP: 2/23 [kobold/+0 short sword (4)]
  1182 | D:2      | Slain by a rat

Vanquished Creatures
  A dart slug (D:2)
  2 endoplasms (D:1)
  A giant cockroach (D:1)
  A hobgoblin (D:1)
  6 kobolds
  A quokka (D:1)
  4 ball pythons (D:1)
  A bat (D:1)
  3 frilled lizards
20 creatures vanquished.

Table legend:
 A = Non-vault XP
 B = Vault XP
 C = Vault XP percentage of total XP
 D = Non-vault monster count
 E = Vault monster count
 F = Vault count percentage of total count
                 A         B        C        D         E       F
            +---------+---------+-------+---------+---------+-------
      Total |      32 |       0 |   0.0 |      20 |       0 |   0.0
            +---------+---------+-------+---------+---------+-------
        D:1 |      25 |       0 |   0.0 |      16 |       0 |   0.0
        D:2 |       7 |       0 |   0.0 |       4 |       0 |   0.0
            +---------+---------+-------+---------+---------+-------

Illustrated notes

Table legend:
 A = Kills in this place as a percentage of kills in entire the game.
 B = Kills by you in this place as a percentage of kills by you in the entire game.
 C = Kills by friends in this place as a percentage of kills by friends in the entire game.
 D = Other kills in this place as a percentage of other kills in the entire game.
 E = Experience gained in this place as a percentage of experience gained in the entire game.
 F = Experience gained in this place divided by the number of levels of this place that you have seen.
                   A       B       C       D       E      F
               +-------+-------+-------+-------+-------+----------------------
         Total | 100.0 | 100.0 |   N/A |   N/A | 100.0 |  16.0
       Dungeon | 100.0 | 100.0 |   N/A |   N/A | 100.0 |  16.0
               +-------+-------+-------+-------+-------+----------------------

Table legend: (Time is in decaauts)
 A = Elapsed time spent in this place.
 B = Non-inter-level travel time spent in this place.
 C = Inter-level travel time spent in this place.
 D = Time resting spent in this place.
 E = Time spent auto-exploring this place.
 F = Levels seen in this place.
 G = Mean time per level.
                   A        B        C        D        E       F      G
               +--------+--------+--------+--------+--------+-----+--------+
         Total |   1180 |   1163 |     17 |      0 |    998 |   2 |  590.0 |
       Dungeon |   1180 |   1163 |     17 |      0 |    998 |   2 |  590.0 |
               +--------+--------+--------+--------+--------+-----+--------+

Top non-repeatable levels by time:
     D:1: 1159 daAuts
     D:2: 20 daAuts
